 Dungeon Crawl Stone Soup version 0.30-a0-341-g682706514a (webtiles) character file.

Game seed: 17426377831423409485

30 Alacron the Shield-Bearer (level 3, -1/33 HPs)
             Began as a Minotaur Fighter on Nov 2, 2022.
             Slain by Terence
             ... wielding a +3 hand axe of freezing
              (7 damage)
             ... on level 2 of the Dungeon.
             The game lasted 00:01:40 (698 turns).

Alacron the Shield-Bearer (Minotaur Fighter)         Turns: 698, Time: 00:01:41

Health: -1/33      AC:  7    Str: 22    XL:     3   Next: 3%
Magic:  2/2        EV:  9    Int:  5    God:
Gold:   45         SH:  4    Dex:  9    Spells: 2/2 levels left

rFire   . . .      SeeInvis .    a - +0 long sword
rCold   . . .      Faith    .    c - +0 buckler
rNeg    . . .      Spirit   .    b - +0 scale mail
rPois   .          Reflect  .    (helmet restricted)
rElec   .          Harm     .    (no cloak)
rCorr   .          Rampage  .    (no gloves)
Will    .....                    (no boots)
Stlth   ..........               (no amulet)
HPRegen 0.25/turn                (no ring)
MPRegen 0.08/turn                (no ring)

@: no status effects
A: horns 2, retaliatory headbutt
a: no special abilities


You were on level 2 of the Dungeon.
You visited 1 branch of the dungeon, and saw 2 of its levels.

You collected 45 gold pieces.

Inventory:

Hand Weapons
 a - a +0 long sword (weapon)
Armour
 b - a +0 scale mail (worn)
 c - a +0 buckler (worn)
Scrolls
 e - a scroll of poison {unknown}
 h - a scroll of summoning {unknown}
Potions
 d - 2 potions of might
 f - a potion of attraction {unknown}
 g - a potion of haste {unknown}


   Skills:
 + Level 3.9 Fighting
 + Level 2.8 Long Blades
 + Level 4.1 Armour
 + Level 0.2 Dodging
 + Level 4.1 Shields


You had 2 spell levels left.
You didn't know any spells.
Your spell library contained the following spells:

 Spells                   Type           Power      Damage    Failure   Level
 Blink                    Tloc           0%         N/A       95%         2
 Manifold Assault         Tloc           0%         N/A       100%        4
 Storm Form               Tmut/Air       0%         N/A       100%        7


Dungeon Overview and Level Annotations

Branches:
Dungeon (2/15)

Altars:

Annotations:
D:2 Terence


Innate Abilities, Weirdness & Mutations

You have a pair of horns on your head.
You reflexively headbutt those who attack you in melee.


Message History

A bat is nearby!
A bat is nearby!
You barely miss the bat. The bat barely misses you. You block the bat's attack.
You closely miss the bat. The bat hits you but does no damage.
You hit the bat.
You kill the bat!
No target in view!
Terence the Incautious comes into view.
He is wielding a +3 hand axe of freezing.
Terence shouts!
Terence drinks a potion.
Terence seems to grow stronger.
Terence is nearby!
Terence is nearby!
Terence hits you but does no damage.
You hit Terence. You headbutt Terence.
Terence is moderately wounded.
Terence hits you with a +3 hand axe of freezing.
Terence freezes you.
You closely miss Terence. Your headbutt misses Terence.
Terence is lightly wounded.
Terence barely misses you.
Terence is nearby!
You hit Terence.
Terence is moderately wounded.
You block Terence's attack.
Terence hits you with a +3 hand axe of freezing!
Terence freezes you.
You are too injured to fight recklessly!
You are too injured to fight recklessly!
You are too injured to fight recklessly!
You hit Terence. Your headbutt misses Terence.
Terence is heavily wounded.
Terence hits you with a +3 hand axe of freezing.
* * * LOW HITPOINT WARNING * * *
Terence freezes you.
* * * LOW HITPOINT WARNING * * *
Terence attacks as you move away! You block Terence's attack.
Terence attacks as you move away! Terence closely misses you.
Terence attacks as you move away!
Terence hits you with a +3 hand axe of freezing!
You die...

#.#..........# #
#.#######.##.# #..
#.#######....#.#
#....#.......##.....#
#.......####.#..#####
..#.###.#....#..#
#.#....#.##
#.#..@...# #.#..@...#
#.##.....# #........#
#####..#.# ...#.#
#.###.# #. ..# ##


You could see Terence (strong).

Vanquished Creatures
  2 ball pythons (D:1)
  4 endoplasms (D:1)
  2 giant cockroaches (D:1)
  2 goblins (D:1)
  4 hobgoblins (D:1)
  3 quokkas (D:1)
  3 bats
  2 frilled lizards (D:1)
  A kobold (D:1)
  3 rats (D:1)
26 creatures vanquished.

Notes
Turn   | Place    | Note
-------+----------+-------------------------------------------
     0 | D:1      | Alacron the Minotaur Fighter began the quest for the Orb.
     0 | D:1      | Reached XP level 1. HP: 19/19 MP: 0/0
   174 | D:1      | Reached XP level 2. HP: 27/27 MP: 1/1
   608 | D:1      | Reached XP level 3. HP: 33/33 MP: 2/2
   683 | D:2      | Noticed Terence
   698 | D:2      | Slain by Terence

Illustrated notes

Levels and vault maps discovered:
D:1:      giann_wishing_wells, layout_basic, hex_medium, chequers_arboretum
D:2:      layout_basic, uniq_terence

Skill      XL: |  1  2 |
---------------+-------+-----
Armour         | 4 |  4.1
Shields        | 4 |  4.1
Fighting       | |  3.9
Long Blades    | |  2.8
Dodging        | |  0.2

Action                   || total
-------------------------++-------
Melee: Long sword        ||    52
       Headbutt          ||     8
Armor: Scale mail        ||    30
Dodge: Dodged            ||    23
Block: Buckler           ||    15

Table legend: (Time is in decaauts)
 A = Elapsed time spent in this place.
 B = Non-inter-level travel time spent in this place.
 C = Inter-level travel time spent in this place.
 D = Time resting spent in this place.
 E = Time spent auto-exploring this place.
 F = Levels seen in this place.
 G = Mean time per level.
                   A        B        C        D        E       F      G
               +--------+--------+--------+--------+--------+-----+--------+
         Total |    713 |    681 |     32 |      0 |    534 |   2 |  356.5 |
       Dungeon |    713 |    681 |     32 |      0 |    534 |   2 |  356.5 |
               +--------+--------+--------+--------+--------+-----+--------+

Top non-repeatable levels by time:
     D:1: 661 daAuts
     D:2: 51 daAuts
